[Event "Titled Tuesday Blitz June 15 2021"]
[White "Maly, Alexey"]
[Black "Kislov, Oleg"]
[WhiteFideId "14103184"]
[BlackFideId "13503774"]
[WhiteElo "2285"]
[BlackElo "2252"]
[Result "1/2-1/2"]
[Round "06"]
[TimeControl "180+1"]
[Date "2021.06.15"]
[WhiteClock "0:00:06"]
[BlackClock "0:00:06"]

1. d4 Nf6 2. c4 e6 3. Nf3 d5 4. e3 dxc4 5. Bxc4 c5 6. O-O a6 7. b3 b5 8. Bd3 Bb7 9. a4 b4 10. Qe2 Nbd7 11. Bb2 cxd4 12. Bxd4 Bd6 13. Nbd2 e5 14. Nc4 Qe7 15. Nh4 g6 16. Nxd6+ Qxd6 17. Bb2 O-O 18. Rfd1 Qe7 19. Bc4 Nb6 20. Nf3 Nxc4 21. Qxc4 Rac8 22. Qe2 Bxf3 23. gxf3 Qe6 24. Rd3 e4 25. Rd4 Qxb3 26. Rd2 Nd5 27. Bd4 Nc3 28. Qxa6 Qe6 29. Qxe6 fxe6 30. fxe4 Nxe4 31. Rb2 Rb8 32. Rb3 Nd2 33. Rb2 Nf3+ 34. Kg2 Nxd4 35. exd4 Rfd8 36. a5 Rxd4 37. a6 Rd7 38. a7 Ra8 39. Rxb4 Rdxa7 40. Rxa7 Rxa7 41. Re4 Kf7 42. Kg3 Kf6 43. f3 Ra5 44. h4 h5 45. Rf4+ Rf5 46. Re4 g5 47. hxg5+ Rxg5+ 48. Kh4 e5 49. Rc4 Rf5 50. Kg3 Kg5 51. Rc8 Rf6 52. Rg8+ Rg6 53. Re8 h4+ 54. Kf2 Kf5 55. Rh8 Kg5 56. Re8 Kf6 57. Rh8 Kg5 58. Re8 1/2-1/2


[Site "https://www.chess.com"]

[Event "Titled Tuesday Blitz June 15 2021"]
[White "Martinez Alcantara, Jose Eduardo"]
[Black "Kanyamarala, Tarun"]
[WhiteFideId "3805662"]
[BlackFideId "45004714"]
[WhiteElo "2690"]
[BlackElo "2086"]
[Result "1-0"]
[Round "06"]
[TimeControl "180+1"]
[Date "2021.06.15"]
[WhiteClock "0:01:08"]
[BlackClock "0:00:18"]

1. e4 c5 2. Nf3 Nc6 3. Bc4 e6 4. Nc3 Nf6 5. d3 d5 6. Bb5 Be7 7. O-O O-O 8. Bxc6 bxc6 9. Qe2 Re8 10. b3 Ba6 11. Rd1 Nd7 12. Na4 Nb6 13. Nc3 Qc7 14. e5 Nd7 15. Bf4 Qa5 16. Na4 Bb5 17. Nb2 Qc3 18. Rab1 Qa5 19. c4 Ba6 20. Na4 Qc7 21. Rbc1 Nb6 22. Nc3 Qd7 23. h4 Bf8 24. h5 h6 25. Nh2 Qd8 26. Qg4 Kh7 27. Qg3 Bc8 28. Ng4 a5 29. Bxh6 gxh6 30. Nf6+ Qxf6 31. exf6 Nd7 32. Qf4 Bb7 33. Re1 e5 34. Qf5+ Kh8 35. Qxd7 1-0


[Site "https://www.chess.com"]

[Event "Titled Tuesday Blitz June 15 2021"]
[White "Mekhitarian, Krikor Sevag"]
[Black "Alekseenko, Kirill"]
[WhiteFideId "2107660"]
[BlackFideId "4135539"]
[WhiteElo "2598"]
[BlackElo "2580"]
[Result "0-1"]
[Round "06"]
[TimeControl "180+1"]
[Date "2021.06.15"]
[WhiteClock "0:00:11"]
[BlackClock "0:00:10"]

1. e4 e5 2. Bc4 Nf6 3. d3 Nc6 4. Nc3 Bc5 5. f4 d6 6. Nf3 Ng4 7. Ng5 exf4 8. Bxf7+ Kf8 9. Bxf4 Qf6 10. Nd5 Qd4 11. Qf3 Qxb2 12. Ne6+ Bxe6 13. Bxe6 Nf6 14. Rd1 Nd4 15. Qh3 Qxc2 16. Bg4 h5 17. Bf3 Nxd5 18. exd5 Re8+ 19. Kf1 Kg8 20. Qg3 Ne2 21. Qg6 Qxd1# 0-1


[Site "https://www.chess.com"]

[Event "Titled Tuesday Blitz June 15 2021"]
[White "Mezentsev, Ivan"]
[Black "Drygalov, Sergey"]
[WhiteFideId "13706195"]
[BlackFideId "24171743"]
[WhiteElo "2295"]
[BlackElo "2514"]
[Result "0-1"]
[Round "06"]
[TimeControl "180+1"]
[Date "2021.06.15"]
[WhiteClock "0:00:03"]
[BlackClock "0:01:36"]

1. d4 Nf6 2. Nf3 d5 3. Bf4 e6 4. e3 c5 5. Nbd2 Nc6 6. c3 cxd4 7. exd4 Nh5 8. Be3 Bd6 9. g3 O-O 10. Ne5 g6 11. Nxc6 bxc6 12. Be2 Ng7 13. Bh6 Re8 14. Nb3 Nf5 15. Bc1 e5 16. dxe5 Bxe5 17. O-O Qf6 18. Nc5 Bd6 19. Nd3 h5 20. Bf4 h4 21. Qd2 Ba6 22. Rae1 Re4 23. Bxd6 Nxd6 24. Nc5 Rxe2 25. Rxe2 h3 26. Re3 Bxf1 27. Nd7 Qf5 28. Kxf1 Nc4 0-1


[Site "https://www.chess.com"]

[Event "Titled Tuesday Blitz June 15 2021"]
[White "Mickiewicz, Piotr"]
[Black "Krivonosov, Oleg"]
[WhiteFideId "1114891"]
[BlackFideId "11600349"]
[WhiteElo "2263"]
[BlackElo "2469"]
[Result "1-0"]
[Round "06"]
[TimeControl "180+1"]
[Date "2021.06.15"]
[WhiteClock "0:00:44"]
[BlackClock "0:00:18"]

1. Nf3 Nf6 2. g3 d5 3. Bg2 e6 4. O-O Be7 5. c4 O-O 6. b3 b6 7. Bb2 Bb7 8. e3 c5 9. Qe2 Nc6 10. cxd5 Nxd5 11. d4 cxd4 12. Nxd4 Nxd4 13. Bxd4 Bf6 14. Rd1 Bxd4 15. Rxd4 Qe7 16. Nd2 Nc3 17. Qd3 Bxg2 18. Kxg2 Nd5 19. e4 Nf6 20. Nf3 e5 21. Rc4 b5 22. Rc6 a6 23. Rac1 h6 24. Rc7 Qa3 25. Nxe5 Qxa2 26. Nxf7 Rxf7 27. Rxf7 Kxf7 28. e5 Re8 29. exf6 Kxf6 30. Rc6+ Kf7 31. Qd5+ Kf8 32. Rc7 1-0


[Site "https://www.chess.com"]

[Event "Titled Tuesday Blitz June 15 2021"]
[White "Morefield, Jason"]
[Black "Eljanov, Pavel"]
[WhiteFideId "30920825"]
[BlackFideId "14102951"]
[WhiteElo "2171"]
[BlackElo "2602"]
[Result "0-1"]
[Round "06"]
[TimeControl "180+1"]
[Date "2021.06.15"]
[WhiteClock "0:00:46"]
[BlackClock "0:01:46"]

1. d4 Nf6 2. c4 e6 3. Nf3 b6 4. g3 Bb7 5. Bg2 Be7 6. O-O O-O 7. Nc3 Ne4 8. Bd2 f5 9. d5 Bf6 10. Rc1 Na6 11. Ne1 Nac5 12. b4 Nxc3 13. Bxc3 Ne4 14. Ba1 a5 15. a3 Bxa1 16. Rxa1 Nc3 17. Qd3 axb4 18. Nc2 exd5 19. axb4 Qf6 20. Rxa8 Rxa8 21. cxd5 Ba6 22. Qe3 f4 23. gxf4 Nxe2+ 24. Kh1 Nxf4 25. Be4 Bxf1 0-1


[Site "https://www.chess.com"]

[Event "Titled Tuesday Blitz June 15 2021"]
[White "Moskalenko, Alexander"]
[Black "Ponkratov, Pavel"]
[WhiteFideId "4155351"]
[BlackFideId "4157800"]
[WhiteElo "2495"]
[BlackElo "2636"]
[Result "1/2-1/2"]
[Round "06"]
[TimeControl "180+1"]
[Date "2021.06.15"]
[WhiteClock "0:00:35"]
[BlackClock "0:00:40"]

1. d4 d5 2. c4 e6 3. Nf3 Nf6 4. g3 dxc4 5. Bg2 a6 6. O-O Nc6 7. e3 Rb8 8. Qe2 b5 9. b3 cxb3 10. axb3 Be7 11. Rd1 O-O 12. Ne5 Nxe5 13. dxe5 Nd7 14. Bc6 Rb6 15. Qc2 Rxc6 16. Qxc6 Nxe5 17. Rxd8 Nxc6 18. Rxf8+ Kxf8 19. Ba3 b4 20. Bb2 e5 21. Nd2 f6 22. Kf1 Ke8 23. Ke2 Be6 24. Rxa6 Kd7 25. e4 Bc5 26. f3 Bd4 27. Ra2 Bc3 28. Kd3 Bxd2 29. Kxd2 Bxb3 30. Ra8 h6 31. Kd3 Be6 32. f4 Kd6 33. h4 Ne7 34. Rd8+ Kc5 35. fxe5 fxe5 36. Bxe5 Nc6 37. Bxc7 Bc4+ 38. Kd2 Nxd8 39. Bxd8 Kd4 40. Be7 b3 41. Bf8 Kxe4 42. Bxg7 h5 43. Kc3 1/2-1/2


[Site "https://www.chess.com"]

[Event "Titled Tuesday Blitz June 15 2021"]
[White "Najdin, Danil"]
[Black "Ivanisevic, Ivan"]
[WhiteFideId "4172426"]
[BlackFideId "912417"]
[WhiteElo "2193"]
[BlackElo "2499"]
[Result "1-0"]
[Round "06"]
[TimeControl "180+1"]
[Date "2021.06.15"]
[WhiteClock "0:00:43"]
[BlackClock "0:00:02"]

1. e4 e5 2. Nf3 Nc6 3. Bb5 Bc5 4. c3 Nf6 5. d4 exd4 6. cxd4 Bb4+ 7. Nc3 d5 8. exd5 Nxd5 9. O-O O-O 10. Qb3 Be6 11. Bxc6 Nxc3 12. d5 Bxd5 13. Bxd5 Nxd5 14. Rd1 c6 15. Rxd5 Qxd5 16. Qxb4 Qd1+ 17. Qe1 Qxe1+ 18. Nxe1 Rfd8 19. Be3 b6 20. b4 Rd5 21. Rc1 Rad8 22. Kf1 Rd1 23. Rxc6 Ra1 24. Rc2 Rb1 25. a3 Ra1 26. Rc3 f6 27. Ke2 Ra2+ 28. Kf3 Rd1 29. Nd3 Kf7 30. b5 g5 31. Nb4 Raa1 32. Rc7+ Kg6 33. Rxa7 h5 34. h3 Rdb1 35. Bxb6 Rb3+ 36. Be3 Kf5 37. b6 g4+ 38. hxg4+ hxg4+ 39. Kg3 Rh1 40. b7 Rh8 41. Ra8 Rxe3+ 42. fxe3 1-0


[Site "https://www.chess.com"]

[Event "Titled Tuesday Blitz June 15 2021"]
[White "Nakamura, Hikaru"]
[Black "Araujo Sanchez, Josue"]
[WhiteFideId "2016192"]
[BlackFideId "6416896"]
[WhiteElo "2900"]
[BlackElo "2140"]
[Result "1-0"]
[Round "06"]
[TimeControl "180+1"]
[Date "2021.06.15"]
[WhiteClock "0:00:39"]
[BlackClock "0:00:03"]

1. e4 c5 2. Nf3 d6 3. d4 cxd4 4. Qxd4 a6 5. c4 Nc6 6. Qd2 Nf6 7. Nc3 g6 8. h3 Bg7 9. Bd3 Be6 10. O-O O-O 11. b3 Nd7 12. Bb2 Qa5 13. a3 Rfc8 14. Rfc1 Qh5 15. Be2 Qa5 16. b4 Qd8 17. Nd5 Bxb2 18. Qxb2 Nde5 19. Nd2 Nd7 20. Bf1 a5 21. b5 Ncb8 22. f4 Bxd5 23. exd5 Qb6+ 24. Kh1 Qf2 25. Re1 Re8 26. Re4 Nf6 27. Qxf6 exf6 28. Rxe8+ Kg7 29. Nf3 Qa7 30. Re7 Qc5 31. a4 Qc8 32. c5 Qxc5 33. Rxb7 Qc8 34. Re7 Nd7 35. Nd4 Kf8 36. Nc6 Nc5 37. b6 Qf5 38. b7 Nxb7 39. Rxb7 Qxd5 40. Bb5 Rc8 41. Rb6 Rc7 42. Ra6 Kg7 43. Rf1 Qc5 44. Nxa5 d5 45. Rc6 Rxc6 46. Nxc6 Qb6 47. Rd1 Qc5 48. Nd4 h5 49. h4 Kh6 50. a5 Kg7 51. a6 f5 52. Be2 Kf6 53. g3 Ke7 54. a7 1-0


[Site "https://www.chess.com"]

[Event "Titled Tuesday Blitz June 15 2021"]
[White "Nazaretyan, Tigran"]
[Black "Gabrielian, Artur"]
[WhiteFideId "24162345"]
[BlackFideId "4131002"]
[WhiteElo "2247"]
[BlackElo "2539"]
[Result "0-1"]
[Round "06"]
[TimeControl "180+1"]
[Date "2021.06.15"]
[WhiteClock "0:00:01"]
[BlackClock "0:00:43"]

1. d4 Nf6 2. c4 g6 3. Nc3 d5 4. Nf3 Bg7 5. Bg5 dxc4 6. e4 O-O 7. Bxc4 Bg4 8. e5 Nfd7 9. O-O Nc6 10. Be2 Nb6 11. Be3 Qd7 12. Ne4 Rad8 13. Nc5 Qc8 14. h3 Bxf3 15. Bxf3 Nxe5 16. Bxb7 Qb8 17. Qe2 Nec4 18. Bf3 e6 19. Rac1 Nxe3 20. fxe3 c6 21. Na6 Qd6 22. Rxc6 Qe7 23. Rc7 Rd7 24. Rfc1 Rfd8 25. Qb5 h5 26. a4 Bh6 27. Kf2 Qh4+ 28. g3 Qxh3 29. Rxd7 Rxd7 30. a5 Qh2+ 31. Bg2 h4 32. axb6 Qxg3+ 33. Kf1 Bxe3 34. Rc8+ Kh7 35. Qe2 Rxd4 36. Rc2 Rf4+ 37. Bf3 Rxf3+ 38. Qxf3 Qxf3+ 39. Ke1 Bxb6 40. Nb4 h3 41. Rc3 Qxc3+ 42. bxc3 h2 0-1


[Site "https://www.chess.com"]

[Event "Titled Tuesday Blitz June 15 2021"]
[White "Nestorovic, Nikola"]
[Black "Jumabayev, Rinat"]
[WhiteFideId "934526"]
[BlackFideId "13702661"]
[WhiteElo "2411"]
[BlackElo "2535"]
[Result "0-1"]
[Round "06"]
[TimeControl "180+1"]
[Date "2021.06.15"]
[WhiteClock "0:00:10"]
[BlackClock "0:00:05"]

1. e4 d6 2. d4 g6 3. Nc3 c6 4. a4 Bg7 5. Nf3 Nf6 6. h3 O-O 7. Be3 b6 8. Be2 a6 9. O-O Bb7 10. Qd2 b5 11. axb5 cxb5 12. e5 dxe5 13. dxe5 Qxd2 14. Nxd2 Nfd7 15. f4 Nc6 16. Bf3 g5 17. g3 gxf4 18. gxf4 Bh6 19. Kf2 Kh8 20. Nb3 Rfd8 21. Rfd1 Rac8 22. Rd2 Ndb8 23. Rad1 Rxd2+ 24. Rxd2 Ba8 25. Nd5 Nd7 26. Nxe7 Nxe7 27. Bxa8 Nxe5 28. fxe5 Bxe3+ 29. Kxe3 Rxa8 30. Rd7 Nc6 31. Kf4 Re8 32. Rd5 Kg7 33. Nc5 Nb4 34. Rd7 Rc8 35. Ne6+ Kg6 36. Nd4 Nxc2 37. Nf5 Rc4+ 38. Kf3 Kxf5 39. Rxf7+ Kxe5 40. Rxh7 Nd4+ 41. Kg4 Ne6+ 42. Kf3 Rb4 43. h4 Rb3+ 44. Ke2 Rxb2+ 45. Kd3 Rh2 46. h5 Nf4+ 47. Kc3 Rxh5 48. Ra7 Rh6 49. Kb4 Nd5+ 50. Kc5 Ke4 51. Rd7 Ne3 52. Re7+ Kf3 53. Kb4 Ke2 54. Ka5 Kd3 55. Rd7+ Kc3 56. Re7 Nc4# 0-1


[Site "https://www.chess.com"]

[Event "Titled Tuesday Blitz June 15 2021"]
[White "Nguyen, Ngoc Truong Son"]
[Black "Assaubayeva, Bibisara"]
[WhiteFideId "12401110"]
[BlackFideId "13708694"]
[WhiteElo "2596"]
[BlackElo "2232"]
[Result "0-1"]
[Round "06"]
[TimeControl "180+1"]
[Date "2021.06.15"]
[WhiteClock "0:00:02"]
[BlackClock "0:00:16"]

1. e4 c5 2. Nf3 d6 3. d4 cxd4 4. Nxd4 Nf6 5. Nc3 a6 6. Bg5 e6 7. f4 Be7 8. Qf3 Qc7 9. O-O-O Nbd7 10. g4 b5 11. a3 Rb8 12. Bxf6 Nxf6 13. g5 Nd7 14. h4 b4 15. axb4 Rxb4 16. h5 Nc5 17. g6 Bf6 18. e5 dxe5 19. fxe5 Bg5+ 20. Kb1 Bb7 21. Qg3 h6 22. Bb5+ axb5 23. Ndxb5 Qb6 24. gxf7+ Kf8 25. Rhf1 Na4 26. Nxa4 Qxb5 27. b3 Rxa4 28. Qc3 Ra8 29. Rf2 Qa5 30. Qb2 Bd5 31. c4 Be4+ 0-1


[Site "https://www.chess.com"]

[Event "Titled Tuesday Blitz June 15 2021"]
[White "Pakleza, Zbigniew"]
[Black "Spata, German"]
[WhiteFideId "1119290"]
[BlackFideId "113026"]
[WhiteElo "2526"]
[BlackElo "2238"]
[Result "1-0"]
[Round "06"]
[TimeControl "180+1"]
[Date "2021.06.15"]
[WhiteClock "0:00:07"]
[BlackClock "0:00:01"]

1. d4 e6 2. Nf3 Nf6 3. Bf4 b6 4. e3 Bb7 5. h3 Be7 6. Bd3 O-O 7. O-O c5 8. c3 cxd4 9. cxd4 d6 10. Nc3 a6 11. Qe2 b5 12. a3 Nbd7 13. e4 Rc8 14. Rad1 Nb6 15. Rfe1 Nc4 16. e5 Nd5 17. Nxd5 Bxd5 18. exd6 Nxd6 19. Ne5 Nc4 20. Ng4 Nd6 21. Ne3 Bb7 22. d5 exd5 23. Nxd5 Bxd5 24. Qxe7 Qxe7 25. Rxe7 Rcd8 26. Bxh7+ Kxh7 27. Rxd5 Nc4 28. Rxd8 Rxd8 29. Rxf7 Rd1+ 30. Kh2 Kg6 31. Ra7 Nxb2 32. Be5 Nc4 33. Bxg7 Nxa3 34. Bb2 Nc4 35. Rxa6+ Kf5 36. Bc3 Rd3 37. Bb4 Ke4 38. h4 Rb3 39. Bc5 Kd5 40. Bf8 Rb2 41. Kg3 b4 42. h5 b3 43. h6 Rb1 44. Bg7 Rh1 45. Ra8 b2 46. Rd8+ Ke6 47. Rb8 Rxh6 48. Bxh6 1-0


[Site "https://www.chess.com"]

[Event "Titled Tuesday Blitz June 15 2021"]
[White "Pastar, Slaven"]
[Black "Molina, Roberto Junio Brito"]
[WhiteFideId "14402718"]
[BlackFideId "2109450"]
[WhiteElo "2227"]
[BlackElo "2402"]
[Result "0-1"]
[Round "06"]
[TimeControl "180+1"]
[Date "2021.06.15"]
[WhiteClock "0:00:03"]
[BlackClock "0:00:16"]

1. b3 d5 2. Bb2 Bg4 3. h3 Bh5 4. g3 e6 5. Bg2 Nd7 6. Nf3 Ngf6 7. O-O Bd6 8. c4 O-O 9. d3 Qe7 10. Nbd2 c6 11. Qc2 e5 12. e4 dxe4 13. Nxe4 Nxe4 14. dxe4 a5 15. Ne1 Rfd8 16. Nd3 Nc5 17. Nxc5 Bxc5 18. g4 Bg6 19. Rad1 f6 20. Rxd8+ Rxd8 21. Rd1 Rd7 22. Bc3 b6 23. Rxd7 Qxd7 24. Qd2 Qxd2 25. Bxd2 Kf7 26. Kf1 Ke6 27. Ke2 Bd4 28. a3 Kd7 29. Be3 Bxe3 30. Kxe3 Bf7 31. Bf1 Kd6 32. Kd3 h5 33. gxh5 Bxh5 34. h4 Bg4 35. Kc3 c5 36. b4 axb4+ 37. axb4 Ke7 38. bxc5 bxc5 39. Kb3 Bd1+ 40. Kc3 Kf7 41. Kd2 Ba4 42. Be2 Kg6 43. Ke3 Kh6 44. f4 Kg6 45. f5+ Kh6 46. Kf2 Bc2 47. Ke3 Bb1 48. Kf3 Kh5 49. Kg3+ Kh6 50. Kf3 Ba2 51. Ke3 Bb3 52. Kf3 Ba4 53. Ke3 Be8 54. Kf2 Bf7 55. Kg3 Kh7 56. Kf2 Be8 57. Ke3 Kh6 58. Kf2 Bf7 59. Kg3 Kh7 60. Kf2 Kg8 61. Ke3 Kf8 62. Kd3 Ke7 63. Kc3 Kd6 64. Kb3 Be8 65. Ka3 Kc6 66. Bd1 Kb6 67. Bc2 Ka5 68. Bd3 Ba4 69. Bb1 Bd1 70. Bd3 Bh5 71. Kb3 Bf7 72. Ka3 Be8 73. Kb3 Bd7 74. Ka3 Ba4 75. Bb1 Bc6 76. Bd3 Kb6 77. Kb3 Kc7 78. Kc3 Kd6 79. Kd2 Ke7 80. Ke3 Ke8 81. Be2 Kd8 82. Kd2 Bxe4 83. Bg4 Bc6 84. Ke3 Kc7 85. Kd3 Kb6 86. Kc3 Ka5 87. Kb3 Ba4+ 88. Ka3 e4 89. Be2 e3 90. Bf3 Bd7 91. Bg4 Bxf5 0-1


[Site "https://www.chess.com"]

[Event "Titled Tuesday Blitz June 15 2021"]
[White "Perez Ponsa, Federico"]
[Black "Rud_Makarian"]
[WhiteFideId "117927"]
[WhiteElo "2672"]
[BlackElo "2752"]
[Result "0-1"]
[Round "06"]
[TimeControl "180+1"]
[Date "2021.06.15"]
[WhiteClock "0:00:17"]
[BlackClock "0:00:18"]

1. d4 Nf6 2. Bf4 c5 3. e3 Nd5 4. Bg3 Qb6 5. b3 cxd4 6. exd4 Nc6 7. Nf3 g6 8. c4 Nf6 9. Nc3 d6 10. d5 Nb8 11. Bd3 Bg7 12. O-O Nh5 13. Rc1 Nxg3 14. hxg3 Nd7 15. Re1 Ne5 16. Nxe5 Bxe5 17. c5 Qa5 18. cxd6 Bxd6 19. Bb5+ Kf8 20. Qd4 f6 21. Bf1 Bd7 22. Ne4 Be5 23. Qe3 Kg7 24. f4 Bb2 25. Rc2 Ba3 26. Nc5 Bf5 27. Qxe7+ Kh6 28. g4 Rae8 29. g5+ Kh5 30. Be2+ Kh4 31. b4 Rxe7 32. bxa5 Bxc2 33. Kf2 Bxc5+ 34. Kf1 fxg5 35. Rc1 Rhe8 36. Rxc2 Rxe2 37. Rxe2 0-1


[Site "https://www.chess.com"]

[Event "Titled Tuesday Blitz June 15 2021"]
[White "Petrova, Irina"]
[Black "Maltsevskaya, Aleksandra"]
[WhiteFideId "14124122"]
[BlackFideId "24174041"]
[WhiteElo "2022"]
[BlackElo "2225"]
[Result "0-1"]
[Round "06"]
[TimeControl "180+1"]
[Date "2021.06.15"]
[WhiteClock "0:00:01"]
[BlackClock "0:00:05"]

1. e4 c6 2. d4 d5 3. e5 Bf5 4. h4 h5 5. c4 e6 6. Nc3 Nd7 7. Bg5 Qb6 8. Qd2 dxc4 9. Bxc4 Be7 10. Nf3 Rd8 11. O-O Bxg5 12. Qxg5 Kf8 13. Na4 Qc7 14. Nc5 Ne7 15. Rad1 Rh6 16. Bd3 Bg4 17. Be4 Nxc5 18. dxc5 Nd5 19. Bxd5 cxd5 20. Rd3 Rg6 21. Qf4 Bxf3 22. Rxf3 Rg4 23. Qe3 d4 24. Qa3 Kg8 25. Re1 Rd5 26. Qxa7 Rxe5 27. Rxe5 Qxe5 28. Qxb7 Qe1+ 29. Kh2 Rxh4+ 30. Rh3 Rxh3+ 31. Kxh3 Qxf2 32. c6 h4 33. Kh2 Qf4+ 34. Kh1 h3 35. gxh3 Qf3+ 36. Kh2 d3 37. Qb8+ Kh7 38. c7 Qe2+ 39. Kg3 Qe3+ 40. Kh2 Qf4+ 41. Kg2 d2 42. c8=Q Qxb8 43. Qxb8 d1=Q 44. Qb3 Qd2+ 45. Kg3 Qd6+ 46. Kg2 f5 47. a4 Qc6+ 0-1


[Site "https://www.chess.com"]

[Event "Titled Tuesday Blitz June 15 2021"]
[White "Popilski, Gil"]
[Black "De Silva, L M S T"]
[WhiteFideId "2809060"]
[BlackFideId "9953698"]
[WhiteElo "2537"]
[BlackElo "1621"]
[Result "1-0"]
[Round "06"]
[TimeControl "180+1"]
[Date "2021.06.15"]
[WhiteClock "0:00:16"]
[BlackClock "0:00:04"]

1. d4 Nf6 2. c4 e6 3. Nc3 Bb4 4. e3 O-O 5. Bd3 c5 6. Nf3 d6 7. O-O Nc6 8. Qc2 Bxc3 9. Qxc3 Qe7 10. e4 e5 11. d5 Nd4 12. Nxd4 exd4 13. Qc2 Ng4 14. f4 f5 15. exf5 Nh6 16. f6 Qxf6 17. Bxh7+ Kh8 18. Bd2 Nf5 19. Bxf5 Bxf5 20. Qb3 b6 21. Rae1 Qg6 22. Re7 Rae8 23. Rfe1 Rxe7 24. Rxe7 Re8 25. Rxe8+ Qxe8 26. Kf2 d3 27. Qd1 Qg6 28. h3 Qf6 29. Qh5+ Kg8 30. Bc3 Qf8 31. Qg5 Bh7 32. g4 a6 33. f5 b5 34. b3 b4 35. Bb2 a5 36. Ke3 Qe8+ 37. Kxd3 Qd7 38. h4 Kf8 39. h5 a4 40. h6 gxh6 41. Qxh6+ Kg8 42. Qf6 Bxf5+ 43. gxf5 Qh7 44. Qd8+ Kf7 45. Qd7+ Kg8 46. Qe8# 1-0


[Site "https://www.chess.com"]

[Event "Titled Tuesday Blitz June 15 2021"]
[White "Praggnanandhaa R"]
[Black "Shevchenko, Kirill"]
[WhiteFideId "25059530"]
[BlackFideId "14129574"]
[WhiteElo "2555"]
[BlackElo "2569"]
[Result "0-1"]
[Round "06"]
[TimeControl "180+1"]
[Date "2021.06.15"]
[WhiteClock "0:00:10"]
[BlackClock "0:00:09"]

1. d4 Nf6 2. c4 e6 3. Nc3 Bb4 4. e3 Ne4 5. Qc2 f5 6. Nf3 b6 7. Bd3 Bb7 8. O-O Nxc3 9. bxc3 Bxf3 10. gxf3 Bd6 11. e4 Qh4 12. e5 Be7 13. Kh1 g5 14. Rg1 Rg8 15. Rg3 Rg6 16. Qd1 Nc6 17. Qg1 h5 18. Bf1 Nxd4 19. Rh3 Ne2 20. Rxh4 Nxg1 21. Rxh5 Nxf3 22. Bg2 g4 23. Rh8+ Bf8 24. h4 Kf7 25. Bxf3 gxf3 26. Bg5 Re8 27. Rg1 Rg8 28. Rh7+ Rg7 29. Rh8 Bc5 30. Rxe8 Kxe8 31. Rg3 Bxf2 32. Rxf3 Bc5 33. Bf6 Rh7 34. Kg2 Kf7 35. Kh3 Be7 36. Rd3 Bxf6 37. Rxd7+ Be7 38. Rxc7 Rxh4+ 39. Kg3 Rh1 40. Rxa7 Re1 41. a4 Rxe5 42. Rb7 Re3+ 43. Kf4 Rxc3 44. Rxb6 Rxc4+ 45. Kf3 Rxa4 46. Rb7 Ra3+ 47. Kf4 Ra4+ 48. Kg3 Kf6 49. Kf2 e5 50. Ke2 e4 51. Rb6+ Ke5 52. Rb5+ Kf4 53. Kd2 Ra2+ 54. Kc3 Rf2 55. Rb7 Bg5 56. Kc4 e3 57. Kd5 Rd2+ 58. Ke6 e2 59. Rb4+ Kf3 0-1


[Site "https://www.chess.com"]

[Event "Titled Tuesday Blitz June 15 2021"]
[White "Quintiliano Pinto, Renato R."]
[Black "Sokolovsky, Yahli"]
[WhiteFideId "2117568"]
[BlackFideId "2820242"]
[WhiteElo "2439"]
[BlackElo "1770"]
[Result "1-0"]
[Round "06"]
[TimeControl "180+1"]
[Date "2021.06.15"]
[WhiteClock "0:00:24"]
[BlackClock "0:00:01"]

1. e4 g6 2. d4 Bg7 3. Nc3 d6 4. g3 b6 5. Bg2 Bb7 6. Nge2 Nf6 7. O-O Nfd7 8. Be3 e5 9. Qd2 O-O 10. Rad1 Nc6 11. f4 exd4 12. Nxd4 Nc5 13. e5 Nxd4 14. Bxd4 Bxg2 15. Qxg2 Re8 16. exd6 Bxd4+ 17. Rxd4 cxd6 18. Rfd1 Qe7 19. Qf2 Rad8 20. Nd5 Qe6 21. Nc7 Qxa2 22. Nxe8 Rxe8 23. c3 Ne4 24. Qc2 f5 25. Qa4 Qxa4 26. Rxa4 a5 27. Rc4 Re7 28. Rc6 Rb7 29. Rd5 b5 30. Ra6 b4 31. c4 b3 32. Rdxa5 1-0


[Site "https://www.chess.com"]

[Event "Titled Tuesday Blitz June 15 2021"]
[White "Quparadze, Giga"]
[Black "Shipov, Sergei"]
[WhiteFideId "13602250"]
[BlackFideId "4113624"]
[WhiteElo "2658"]
[BlackElo "2780"]
[Result "0-1"]
[Round "06"]
[TimeControl "180+1"]
[Date "2021.06.15"]
[WhiteClock "0:01:51"]
[BlackClock "0:01:31"]

1. e4 e6 2. d4 d5 3. Nd2 Be7 4. Ngf3 Nf6 5. e5 Nfd7 6. c3 c5 7. Bd3 Nc6 8. O-O a5 9. Nb1 Qb6 10. Bc2 h6 11. a4 O-O 12. Na3 cxd4 13. cxd4 Nb4 14. Bb1 f6 15. exf6 Nxf6 16. Nb5 Bd7 17. Nc3 Be8 18. Be3 Bh5 19. h3 Bd6 20. g4 Nxg4 21. Nh4 Bh2+ 22. Kh1 Nxf2+ 0-1


[Site "https://www.chess.com"]

[Event "Titled Tuesday Blitz June 15 2021"]
[White "Real De Azua, Ernesto"]
[Black "Zhuravlev, Alexey"]
[WhiteFideId "108154"]
[BlackFideId "4164199"]
[WhiteElo "2476"]
[BlackElo "2451"]
[Result "1-0"]
[Round "06"]
[TimeControl "180+1"]
[Date "2021.06.15"]
[WhiteClock "0:00:06"]
[BlackClock "0:00:02"]

1. d4 Nf6 2. Nf3 g6 3. Nbd2 d5 4. e3 Bg7 5. b4 O-O 6. Be2 b6 7. O-O c5 8. bxc5 bxc5 9. c3 Bf5 10. Ba3 Nbd7 11. Nh4 Ne4 12. Nxf5 Nxc3 13. Nxe7+ Qxe7 14. Qe1 Nxe2+ 15. Qxe2 Bxd4 16. Rac1 Bg7 17. Nb3 Rfc8 18. Rfd1 d4 19. Nxd4 Qe4 20. Nb5 Qa4 21. Rxd7 a6 22. Qf3 Rf8 23. Rxf7 Rxf7 24. Qxa8+ Bf8 25. Bxc5 Qxb5 26. Bxf8 Rxf8 27. Qe4 Qb2 28. Qc4+ Rf7 29. Qc2 Qa3 30. h3 Rb7 31. Qc8+ 1-0


[Site "https://www.chess.com"]

[Event "Titled Tuesday Blitz June 15 2021"]
[White "Roman, Rodrigo"]
[Black "Palchuk, Andrii"]
[WhiteFideId "3701220"]
[BlackFideId "14176688"]
[WhiteElo "2043"]
[BlackElo "2267"]
[Result "0-1"]
[Round "06"]
[TimeControl "180+1"]
[Date "2021.06.15"]
[WhiteClock "0:00:02"]
[BlackClock "0:00:16"]

1. Nf3 Nf6 2. g3 d5 3. Bg2 c6 4. d4 Bg4 5. O-O Nbd7 6. Nbd2 e6 7. Re1 Be7 8. e4 dxe4 9. Nxe4 Nxe4 10. Rxe4 Nf6 11. Re1 O-O 12. c3 c5 13. Qb3 Bxf3 14. Bxf3 cxd4 15. Qxb7 Rb8 16. Qxa7 dxc3 17. bxc3 Bd6 18. Bg5 h6 19. Be3 Qc8 20. Bd4 Rd8 21. a4 e5 22. Be3 Qxc3 23. Red1 e4 24. Rac1 Qa3 25. Be2 Bb4 26. Bc4 Rxd1+ 27. Rxd1 Rf8 28. Bd4 Ng4 29. h3 Qf3 30. Rf1 Nf6 31. Qb6 Bc3 32. Be3 Be5 33. Kh2 Qh5 34. Kg2 Qf3+ 35. Kh2 Qh5 36. Kg2 Qf5 37. a5 h5 38. a6 Qf3+ 39. Kh2 h4 40. Rg1 Nh5 41. Qg6 hxg3+ 42. fxg3 Nxg3 43. Rxg3 Qxe3 44. Kg2 Qxg3+ 45. Qxg3 Bxg3 46. Kxg3 Ra8 47. Kf4 Kf8 48. Kxe4 Ke7 49. Kd5 Kd7 50. Bb5+ Kc7 51. Ke5 Rh8 52. Bf1 Kb6 53. Kd6 Rh6+ 54. Ke7 Re6+ 0-1


[Site "https://www.chess.com"]

[Event "Titled Tuesday Blitz June 15 2021"]
[White "Rosenberg, Evan S"]
[Black "Maze, Sebastien"]
[WhiteFideId "2019299"]
[BlackFideId "613762"]
[WhiteElo "2259"]
[BlackElo "2462"]
[Result "0-1"]
[Round "06"]
[TimeControl "180+1"]
[Date "2021.06.15"]
[WhiteClock "0:00:18"]
[BlackClock "0:00:20"]

1. Nf3 Nc6 2. d4 d5 3. c4 Nf6 4. Nc3 Bg4 5. Bf4 e6 6. e3 Bd6 7. Bg3 O-O 8. a3 Re8 9. Be2 dxc4 10. Bxc4 e5 11. dxe5 Nxe5 12. Bxe5 Bxe5 13. Qxd8 Raxd8 14. Nxe5 Rxe5 15. Be2 Bxe2 16. Kxe2 Kf8 17. Rhd1 Rxd1 18. Rxd1 Ke7 19. f3 c6 20. e4 Rh5 21. h3 Nd7 22. b4 Ne5 23. Na4 b6 24. Nb2 Rh6 25. f4 Nd7 26. Kf3 Rd6 27. Rxd6 Kxd6 28. Nc4+ Kc7 29. e5 b5 30. Ne3 g6 31. Ke4 c5 32. bxc5 Nxc5+ 33. Kd5 Nd3 34. g3 b4 35. axb4 Nxb4+ 36. Kc4 Nc6 37. Nd5+ Kd8 38. Kc5 Ne7 39. Nxe7 Kxe7 40. Kb5 Ke6 41. Ka6 g5 42. Kxa7 gxf4 43. gxf4 Kf5 44. Kb6 Kxf4 45. Kc5 Kxe5 46. Kc4 Ke4 47. Kc3 Ke3 48. Kc4 f5 49. Kd5 f4 50. Ke5 f3 51. Kf6 f2 52. Kg7 f1=Q 53. Kxh7 Qxh3+ 0-1


[Site "https://www.chess.com"]